 Dungeon Crawl Stone Soup version 0.31-a0-251-gdc1e01e (webtiles) character file.

Game seed: 3131232451574768177

1512048 Wizard1ke the Fey Cat (level 25, 124/124 HPs)
             Began as a Felid Shapeshifter on July 12, 2023.
             Was an Initiate of Yredelemnul.
             Escaped with the Orb
             ... and 3 runes!
             The game lasted 03:34:30 (82475 turns).

Wizard1ke the Fey Cat (Felid Shapeshifter)         Turns: 82475, Time: 03:34:31

Health: 124/124    AC: 16    Str: 26    XL:     25   Next: 61%
Magic:  38/43      EV: 21    Int:  8    God:    Yredelemnul [......]
Gold:   2954       SH:  5    Dex: 29    Spells: 22/54 levels left
                                        Lives:  2   Deaths: 1

rFire   + +          +
                       - Unarmed
rCold   + . .        (shield unavailable)
rNeg    . . .        (body armour unavailable)
rPois   +            (helmet unavailable)
rElec   +            (cloak unavailable)
rCorr   .            (gloves unavailable)
SInv    +            (boots unavailable)
Will    ++++.        A - amulet of Egolikutt {Reflect rC++ Str-3 Dex+5 SH+5}
Stlth   +            I - ring "Zerphaemo" {Contam Fly Will+ Dex+6 Slay+4}
HPRegen 0.40/turn    M - ring "Saul" {rElec rF+}
MPRegen 0.28/turn

%: reflection
@: dragon-form, flying, hasted, studying 2 skills, very quick
A: dragon claw, dragon scales, breathe fire, flying, boosted hp, reduced
essence, giant, (claws 1), (fangs 3), see invisible, (speed 1), (shaggy fur 3),
(stealthy paws), no weapons or thrown items, no armour, multi-lived, dopey 2
0: Orb of Zot
}: 3/15 runes: barnacled, silver, gossamer
a: Breathe Fire, Renounce Religion, Recall Undead Harvest


You escaped.
You worshipped Yredelemnul.
Yredelemnul was pleased with you.
You were a fearsome dragon!
You visited 10 branches of the dungeon, and saw 48 of its levels.
You visited 1 bazaar.
You also visited: Gauntlet and Ice Cave.

You collected 7485 gold pieces.
You spent 4531 gold pieces at shops.

Inventory:

Jewellery
 b - an amulet of faith
 i - the amulet "Refehinu" {Reflect Int+3 SH+5}
   (You took it off an ironbound convoker on level 3 of the Vaults)

   [amulet of reflection]

   It reflects blocked missile attacks.
   Int:       It affects your intelligence (+3).
   SH:        It affects your SH (+5).
 j - a +6 ring of strength
 x - a +4 ring of protection
 A - the amulet of Egolikutt (around neck) {Reflect rC++ Str-3 Dex+5 SH+5}
   (You took it off a deep elf sorcerer on level 3 of the Elven Halls)

   [amulet of reflection]

   It reflects blocked missile attacks.
   Str:       It affects your strength (-3).
   Dex:       It affects your dexterity (+5).
   rC:        It greatly protects you from cold.
   SH:        It affects your SH (+5).
 I - the ring "Zerphaemo" (left foreclaw) {Contam Fly Will+ Dex+6 Slay+4}
   (You acquired it on level 15 of the Dungeon)

   [ring of slaying]

   Dex:       It affects your dexterity (+6).
   Slay:      It affects your accuracy & damage with ranged weapons and melee
   (+4).
   Fly:       It grants you flight.
   Contam:    It causes magical contamination when unequipped.
   Will:      It increases your willpower.
 M - the ring "Saul" (right foreclaw) {rElec rF+}
   (You bought it in a shop in a bazaar)

   [ring of protection from fire]

   rF:        It protects you from fire.
   rElec:     It insulates you from electricity.
 P - an amulet of magic regeneration
 T - a ring of ice
 U - a +6 ring of strength
 V - an amulet of regeneration
 X - the ring of the Mage {Wiz Archmagi}
   (You found it on level 8 of the Dungeon)

   [ring of wizardry]

   It improves your spell success rate.
   Archmagi:  It increases the power of your magical spells.
 Y - a ring of ice
Talismans
 G - a dragon-blood talisman
 Q - a granite talisman
Wands
 r - a wand of mindburst (11)
 u - a wand of flame (100)
 y - a wand of light (47)
 J - a wand of iceblast (38)
 K - a wand of polymorph (33)
 L - a wand of digging (3)
 S - a wand of paralysis (33)
Scrolls
 c - 9 scrolls of amnesia
 e - 17 scrolls of teleportation
 f - 11 scrolls of fear
 k - 6 scrolls of blinking
 o - 6 scrolls of immolation
 p - 10 scrolls of revelation
 s - 7 scrolls of vulnerability
 D - 6 scrolls of fog
 E - 6 scrolls of poison
 H - 2 scrolls of silence {!r}
 O - 9 scrolls of butterflies
Potions
 a - 11 potions of lignification
 d - 2 potions of invisibility
 l - 6 potions of resistance
 m - 10 potions of attraction
 n - 5 potions of ambrosia
 t - 5 potions of might
 v - 7 potions of haste
 w - 10 potions of enlightenment
 z - 4 potions of cancellation
 C - 6 potions of berserk rage {!q}
 F - 4 potions of brilliance
 N - 13 potions of curing
 R - 7 potions of mutation
 W - a potion of magic
Miscellaneous
 g - a condenser vane
 h - a phial of floods
 q - a phantom mirror
 B - a box of beasts
 Z - a lightning rod (4/4)


   Skills:
 - Level 15.0 Fighting
 - Level 15.0 Dodging
 - Level 15.0 Unarmed Combat
 - Level 15.0 Spellcasting
 - Level 15.0 Hexes
 - Level 15.0 Necromancy
 - Level 15.0 Translocations
 - Level 15.0 Transmutations
 + Level 8.9 Air Magic
 - Level 15.0 Earth Magic
 - Level 15.7 Invocations
 - Level 15.0 Evocations
 - Level 15.0 Shapeshifting


You had 22 spell levels left.
You knew the following spells:

 Your Spells              Type           Power      Damage    Failure   Level
a - Blink                 Tloc           60%        N/A       1%          2
b - Manifold Assault      Tloc           30%        N/A       1%          4
c - Dispersal             Tloc           15%        N/A       3%          6
d - Apportation           Tloc           60%        N/A       1%          1
e - Passwall              Tmut/Erth      25%        N/A       1%          2
f - Yara's Violent Unrav  Hex/Tmut       15%        3d8       1%          5
g - Cause Fear            Hex            15%        N/A       1%          4
h - Borgnjor's Vile Clut  Necr/Erth      15%        N/A       1%          5
i - Vhi's Electric Charg  Tloc/Air       50%        N/A       1%          3

Your spell library contained the following spells:

 Spells                   Type           Power      Damage    Failure   Level
 Kiss of Death            Conj/Necr      72%        2d10      1%          1
 Sandblast                Erth           60%        2d14      1%          1
 Shock                    Conj/Air       52%        1d6       1%          1
 Cigotuvi's Dreadful Rot  Necr/Pois/Air  36%        N/A       1%          2
 Lesser Beckoning         Tloc           60%        N/A       1%          2
 Momentum Strike          Conj/Tloc      36%        3d9       1%          2
 Sublimation of Blood     Necr           30%        N/A       1%          2
 Wereblood                Tmut           30%        N/A       1%          2
 Confusing Touch          Hex            30%        N/A       1%          3
 Dazzling Flash           Conj/Hex       36%        N/A       1%          3
 Gell's Gravitas          Tloc           30%        N/A       1%          3
 Inner Flame              Hex/Fire       18%        N/A       1%          3
 Stone Arrow              Conj/Erth      36%        3d9       1%          3
 Summon Guardian Golem    Hex/Summ       18%        N/A       1%          3
 Swiftness                Air            20%        N/A       1%          3
 Teleport Other           Tloc           30%        N/A       1%          3
 Tukima's Dance           Hex            30%        N/A       1%          3
 Volatile Blastmotes      Fire/Tloc      36%        2d13      1%          3
 Anguish                  Hex/Necr       15%        N/A       1%          4
 Dispel Undead            Necr           30%        3d14      1%          4
 Leda's Liquefaction      Hex/Erth       15%        N/A       1%          4
 Petrify                  Tmut/Erth      30%        N/A       1%          4
 Static Discharge         Conj/Air       26%        2-4/arc   2%          2
 Airstrike                Air            10%        2d(2-18)  2%          4
 Ignite Poison            Fire/Tmut/Pois 14%        N/A       3%          3
 Fulminant Prism          Conj/Hex       9%         3d6       4%          4
 Iskenderun's Mystic Bla  Conj/Tloc      18%        2d6       4%          4
 Freeze                   Ice            24%        1d4       10%         1
 Magic Dart               Conj           24%        1d4       10%         1
 Summon Small Mammal      Summ           24%        N/A       10%         1
 Alistair's Intoxication  Tmut/Pois      12%        N/A       12%         5
 Irradiate                Conj/Tmut      9%         3d14      12%         5
 Metabolic Englaciation   Hex/Ice        9%         N/A       12%         5
 Summon Forest            Summ/Tloc      9%         N/A       12%         5
 Summon Mana Viper        Hex/Summ       18%        N/A       12%         5
 Scorch                   Fire           12%        2d5       14%         2
 Searing Ray              Conj           12%        2d4       14%         2
 Summon Lightning Spire   Summ/Air       13%        N/A       16%         4
 Enfeeble                 Hex            15%        N/A       17%         7
 Call Canine Familiar     Summ           6%         N/A       28%         3
 Frozen Ramparts          Ice            12%        1d2       28%         3
 Hailstorm                Conj/Ice       6%         3d4       28%         3
 Ozocubu's Armour         Ice            6%         N/A       28%         3
 Arcjolt                  Conj/Air       6%         1d16      38%         5
 Leda's Unmaking          Conj/Erth      9%         9d2       54%         6
 Freezing Cloud           Conj/Ice/Air   5%         6-21      61%         5
 Flame Wave               Conj/Fire      6%         2d5       67%         4
 Summon Ice Beast         Ice/Summ       6%         N/A       67%         4
 Disjunction              Tloc           15%        N/A       78%         8
 Iskenderun's Battlesphe  Conj           6%         2d6       95%         5
 Malign Gateway           Summ/Tloc      9%         N/A       98%         7
 Starburst                Conj/Fire      3%         6d3       100%        6
 Summon Cactus Giant      Summ           3%         N/A       100%        6
 Ozocubu's Refrigeration  Ice            3%         4d8       100%        7
 Spellforged Servitor     Conj/Summ      3%         N/A       100%        7
 Lehudib's Crystal Spear  Conj/Erth      9%         10d4      100%        8
 Maxwell's Capacitive Co  Air            10%        ∞         100%        8
 Summon Horrible Things   Summ           3%         N/A       100%        8
 Chain Lightning          Conj/Air       6%         3d8       100%        9
 Fire Storm               Conj/Fire      3%         8d1       100%        9
 Shatter                  Erth           15%        3d15*     100%        9
 Portal Projectile        Hex/Tloc       Unusable   N/A       N/A         3
 Animate Dead             Necr           Unusable   N/A       N/A         4
 Death Channel            Necr           Unusable   N/A       N/A         6
 Animate Armour           Summ/Erth      Unusable   N/A       N/A         4
 Simulacrum               Ice/Necr       Unusable   N/A       N/A         6

Dungeon Overview and Level Annotations

Branches:
Dungeon (15/15)            Temple (1/1) D:6            Lair (5/5) D:10
 Shoals (4/4) Lair:3       Spider (4/4) Lair:2        Slime (0/5) Lair:4
    Orc (2/2) D:9             Elf (3/3) Orc:2        Vaults (5/5) D:14
  Crypt (0/3) Vaults:2     Depths (4/4) D:15            Zot (5/5) Depths:4
  IceCv (visited)         Gauntlet (visited)

Altars:
Ashenzari
Cheibriados
Dithmenos
Fedhas
Gozag
Hepliaklqana
Kikubaaqudgha
Makhleb
Nemelex Xobeh
Okawaru
Qazlal
Ru
Sif Muna
Trog
Uskayaw
Wu Jian
Xom
Yredelemnul
Zin
The Shining One
Jiyva
Lugonu

Shops:
D:5 [   Orc:1 (   Orc:2 [(*:   Elf:1 [??!   Shoals:1 :([:   Vaults:1 !
Vaults:2 (   Vaults:4 [

Portals:
Hell: Depths:1 Depths:2 Depths:3 Depths:4
Abyss: Depths:1 Depths:2 Depths:3
Pandemonium: Depths:1 Depths:2 Depths:3
Ziggurat: Depths:2
Trove: D:10 (give 7 potions of haste)

Annotations:
D:12 exclusion: ice statue
Lair:2 1 transporter, centralandcovert's ghost, journeyman MfGl
Spider:3 1 exclusion
Spider:4 1 runed translucent door, exclusion: door, Bymnifu's ghost, adept DjAE
Orc:1 4 transporters
Elf:2 3 runed translucent doors
Vaults:5 !vaults warning
Zot:1 3 runed translucent doors, exclusion: 3 doors, Vapurghao's ghost, master MiBr
Zot:2 8 transporters
Zot:4 3 runed translucent doors, Plog's ghost, master TrFi


Innate Abilities, Weirdness & Mutations

You are a fearsome dragon!
You have a powerful clawing attack.
Your giant scaled body is strong and resiliant, but less evasive.
You can breathe fire.
You are flying.
Your maximum health is increased.
Your life essence is reduced to manifest your ancestor. (-10% HP)
((You have sharp claws.))
((You have razor-sharp teeth.))
You have supernaturally acute eyesight. (SInv)
((You cover ground quickly. (Speed+)))
((Your thick and shaggy fur keeps you warm. (AC +3, rC+)))
((Your paws help you pounce on unaware monsters.))
You are incapable of wielding weapons or throwing items.
You cannot wear armour.
You gain extra lives every three experience levels.
You are very dopey. (Int -4)


Message History

Confirm with . or Enter, or press ? or * to list all spells.
Charge where?
Press: ? - help, Dir - move target, f - golden eye
Aim: a golden eye (78% to hit)
You charge forward with an electric crackle!
You hit the golden eye and electrocute it.
You tail-slap the golden eye!
You kill the golden eye!
The golden eye blinks!
The golden eye blinks at you. You resist with almost no effort.
The golden eye blinks at you. You resist with almost no effort.
The golden eye blinks at you. You resist with almost no effort.
The golden eye blinks at you. You resist with almost no effort.
Casting: Vhi's Electric Charge (safe; 1% risk of failure)
Confirm with . or Enter, or press ? or * to list all spells.
Charge where?
Press: ? - help, Dir - move target, f - golden eye
Aim: a golden eye (78% to hit)
You charge forward with an electric crackle!
You maul the golden eye and electrocute it!!!!
You kill the golden eye!
The golden eye blinks!
The golden eye blinks at you. You resist with almost no effort.
An Orb Guardian comes into view.
The golden eye blinks at you. You resist with almost no effort.
The Orb Guardian moves out of view.
The golden eye blinks at you. You resist with almost no effort.
There is a staircase leading out of the dungeon here.
Unknown command.
Unknown command.
The golden eye blinks!
The golden eye blinks at you. You resist with almost no effort.
You have escaped!

#.........[.#.# #.#######
#.......#.....# #.......#
########################.###
#####.............######....
###..........⌠..........######
##...⌠.................⌠...##
##........⌠[G(..§...⌠........##
#............)...........X....#
#...⌠..........D....G.....⌠...#
#.............................#
##........⌠.........⌠........##
##...⌠.................⌠...##
###..........⌠..........### ####
##'##.............##'.##
...###...###############..#.#####
...##......)..............##.....
..........#############..###.####


You could see 2 golden eyes.

Vanquished Creatures
  3 orbs of fire
  2 dread liches
  2 ancient liches (Zot:5)
  Mara (Vaults:2)
  Frederick (Vaults:3)
  Bai Suzhen (Depths:2)
  10 Killer Klowns
  2 curse toes (Zot:4)
  Saint Roka (Depths:3)
  A caustic shrike (Depths:4)
  16 golden dragons
  Nikola (Depths:1)
  A profane servitor (Zot:5)
  3 doom hounds (Zot:3)
  3 electric golems
  11 tentacled monstrosities
  21 Orb Guardians
  2 liches
  A walking frostbound tome (Depths:2)
  6 quicksilver dragons
  The ghost of Odusm the Phalangite, an adept MfFi of Okawaru (Spider:3)
  A deep elf blademaster (Elf:3)
  2 titans
  Grunn (Zot:3)
  Asterion (Depths:1)
  2 deep elf master archers (Elf:3)
  6 sphinxes
  9 death cobs
  Kirke (Shoals:3)
  An ancient champion (Vaults:2)
  7 tengu reavers
  Agnes (D:14)
  7 shadow dragons
  15 storm dragons
  4 draconian monks
  4 draconian knights
  6 fire giants
  2 emperor scorpions (Spider:4)
  Louise (D:14)
  9 deep elf sorcerers
  5 frost giants
  2 draconian scorchers
  A ghost moth (shapeshifter) (Vaults:4)
  13 vault wardens
  6 ghost moths
  2 iron dragons
  4 draconian shifters
  A cacodemon (Depths:2)
  6 deep elf elementalists (Elf:3)
  A balrug (Depths:1)
  4 war gargoyles
  3 orc warlords
  18 ironbound preservers
  4 draconian annihilators
  4 draconian stormcallers
  2 spriggan defenders (Depths:2)
  12 stone giants
  4 broodmothers (Spider:4)
  15 green draconians
  2 formless jellyfish
  16 very ugly things
  4 ironbound thunderhulks
  6 deep elf annihilators
  15 black draconians
  6 dire elephants
  5 deep elf demonologists
  A minotaur (Gauntlet)
  8 red draconians
  Azrael (D:14)
  13 purple draconians
  6 spark wasps
  8 white draconians
  5 yellow draconians
  Snorg (D:10)
  3 deep elf death magi (Elf:3)
  8 deep elf high priests
  13 ettins
  A quicksilver dragon zombie (Vaults:1)
  14 yaktaur captains
  13 fire dragons
  3 merfolk javelineers (Shoals:4)
  7 merfolk impalers
  2 great orbs of eyes
  A hell beast (Depths:1)
  A peacekeeper (Vaults:1)
  3 entropy weavers
  2 hydras
  2 radroaches (Spider:4)
  10 rakshasas
  6 ice dragons
  3 spriggan air magi
  A merfolk avatar (Shoals:4)
  5 ironbound frosthearts
  Erica (Lair:2)
  3 jorogumos
  5 catoblepae
  24 vault guards
  An alligator snapping turtle (Shoals:3)
  5 boulder beetles
  11 death yaks (Lair:5)
  16 dancing weapons
  A death knight (D:13)
  8 tengu warriors
  8 centaur warriors
  3 merfolk aquamancers (Shoals:4)
  2 deep troll earth magi
  3 deep troll shamans (Depths:1)
  5 satyrs (Shoals:4)
  The ghost of PiratePeteNZ the Thaumaturge, a journeyman DEEE of Vehumet (Orc:1)
  4 hell hogs (Depths:3)
  Urug (Lair:2)
  3 orc high priests (Orc:2)
  5 demonic crawlers
  2 spriggan berserkers
  2 soul eaters
  2 sun demons
  12 deep elf knights
  2 hell knights
  Nergalle (D:12)
  6 sixfirhies
  Lodul (D:14)
  5 skeletal warriors
  8 skysharks
  5 iron trolls
  A golden dragon zombie (Vaults:3)
  A death drake (Depths:4)
  A cherub (D:11)
  58 deep trolls
  7 pharaoh ants
  A quicksilver dragon simulacrum (Depths:1)
  A sun moth (Spider:2)
  A flayed ghost (Depths:4)
  4 glowing orange brains
  8 sea snakes
  2 orb spiders (Spider:4)
  5 orc knights
  5 phantasmal warriors
  10 deep elf archers
  11 ironbound convokers
  An orange crystal statue (IceCv)
  6 lindwurms
  5 wizards
  8 steelbarb worms
  16 deep elf pyromancers
  A golden dragon skeleton (Vaults:4)
  21 ugly things
  20 deep elf zephyrmancers
  27 harpies
  A shining eye (Depths:2)
  9 cyclopes
  9 orc sorcerers
  17 fauns
  21 moths of wrath
  4 necromancers
  17 manticores
  18 wolf spiders
  A cyclops (shapeshifter) (Vaults:5)
  A human skeleton (Vaults:4)
  9 merfolk sirens
  An orange demon (Depths:2)
  2 eyes of devastation (Depths:2)
  5 water nymphs
  3 black mambas
  7 vault sentinels
  3 rust devils
  2 torpor snails
  A minotaur zombie (Gauntlet)
  7 cane toads
  2 gargoyles
  A hellion (D:13)
  A torpor snail (shapeshifter) (Depths:1)
  17 rime drakes
  An unseen horror (shapeshifter) (Spider:4)
  2 freezing wraiths
  4 unseen horrors
  5 kobold demonologists
  3 efreet
  4 komodo dragons
  32 yaktaurs
  An ice devil (Depths:2)
  24 merfolk
  A queen bee (shapeshifter) (Elf:1)
  10 trolls
  3 hellwings (Depths:2)
  11 meliai
  A red devil (Depths:2)
  A hornet (Depths:2)
  6 guardian mummies (Zot:3)
  26 tarantellas
  A hornet (shapeshifter) (D:8)
  7 wind drakes
  16 polar bears
  Prince Ribbit (Lair:1)
  A dream sheep (D:10)
  5 snapping turtles
  2 raiju (Gauntlet)
  8 blink frogs
  15 slime creatures
  18 jumping spiders
  A jumping spider (shapeshifter) (Depths:4)
  A spriggan (Depths:2)
  3 shadows
  15 culicivoras
  8 water elementals
  A ynoxinul (Depths:3)
  2 wraiths
  62 yaks
  5 wyverns
  4 hogs (Shoals:3)
  An elf zombie (Vaults:3)
  2 golden eyes (D:1)
  10 fire elementals
  A neqoxec (Depths:2)
  4 steam dragons (Gauntlet)
  A human simulacrum (Vaults:4)
  4 vampire mosquitoes
  5 basilisks
  A basilisk (shapeshifter) (Elf:2)
  3 chaos spawn
  A human zombie (Vaults:3)
  2 small abominations (Depths:3)
  45 redbacks
  4 large abominations (Depths:3)
  2 wargs
  4 acid dragons
  A swamp worm (Spider:3)
  3 hell hounds (D:14)
  12 water moccasins
  Duvessa (D:7)
  4 floating eyes
  35 orc warriors
  An ice beast (D:7)
  2 sky beasts
  2 boggarts (Elf:1)
  6 centaurs
  An ogre (shapeshifter) (Elf:2)
  A tengu (shapeshifter) (Vaults:5)
  4 wolves (Lair:1)
  16 ogres
  A phantom (D:6)
  5 kobold brigands
  A gnoll sergeant (D:10)
  6 bullfrogs
  4 earth elementals
  2 scorpions
  2 glowing shapeshifter simulacra
  6 wights
  Dowan (D:7)
  2 killer bees (D:10)
  A howler monkey (D:8)
  2 electric eels
  13 jellies
  3 hounds
  24 orc priests
  2 gnoll boudas
  13 orc wizards
  A sleepcap (D:6)
  5 iguanas
  5 hell rats (Lair:3)
  8 adders
  18 gnolls
  2 white imps
  2 worms
  2 dart slugs
  64 orcs
  9 ball pythons
  10 endoplasms
  3 giant cockroaches (D:2)
  4 goblins
  9 hobgoblins
  13 kobolds
  4 quokkas
  A bat (D:2)
  2 frilled lizards
  5 rats
  7 butterflies (Zot:3)
  2 tentacles (Shoals:1)
1762 creatures vanquished.

Vanquished Creatures (collateral kills)
  An ancient lich (Vaults:5)
  Parghit (Depths:3)
  2 caustic shrikes (Depths:4)
  An electric golem (Zot:5)
  2 tentacled monstrosities
  3 Orb Guardians (Zot:5)
  A titan (Vaults:5)
  A kraken (Shoals:1)
  A sphinx (Vaults:5)
  3 tengu reavers (Vaults:5)
  4 storm dragons
  2 shadow dragons
  A fire giant (Vaults:5)
  A draconian monk (Depths:4)
  Ilsuiw (Shoals:4)
  Donald (Shoals:4)
  An emperor scorpion (Spider:2)
  2 draconian knights
  A curse skull (Vaults:2)
  A vault warden (Vaults:5)
  2 broodmothers (Spider:4)
  2 ironbound preservers (Vaults:3)
  3 very ugly things (Depths:1)
  5 dire elephants
  A deep elf demonologist (Vaults:5)
  A black draconian (Depths:4)
  A purple draconian (Depths:4)
  A deep elf annihilator (Elf:1)
  2 white draconians
  A spark wasp (Spider:1)
  2 deep elf death magi
  A merfolk javelineer (Shoals:4)
  A merfolk impaler (Shoals:2)
  3 entropy weavers (Spider:4)
  A yaktaur captain (Vaults:1)
  A deep elf high priest (Vaults:5)
  An ice dragon (Zot:1)
  9 vault guards
  2 ironbound frosthearts (IceCv)
  2 jorogumos (Spider:4)
  2 hydras
  An ogre mage (Vaults:5)
  A satyr (Shoals:2)
  An alligator (shapeshifter) (Vaults:5)
  A dancing weapon (Elf:3)
  A deep troll shaman (Depths:2)
  A spriggan berserker (Depths:3)
  A demonic crawler (Spider:2)
  A skyshark (shapeshifter) (Vaults:5)
  2 iron trolls (Depths:1)
  A pharaoh ant (Spider:4)
  7 orb spiders
  A death drake (Depths:4)
  5 deep trolls
  A deep elf archer (Elf:1)
  A sea snake (Shoals:2)
  A glowing orange brain (D:15)
  3 harpies
  An ironbound convoker (Vaults:1)
  3 lindwurms
  A golden dragon skeleton (Vaults:4)
  2 steelbarb worms
  3 ugly things
  5 deep elf zephyrmancers
  4 wolf spiders
  A faun (Shoals:2)
  An orc sorcerer (Orc:2)
  2 manticores
  A cyclops (D:11)
  2 vault sentinels
  A water nymph (shapeshifter) (D:15)
  2 cane toads
  A komodo dragon (Lair:1)
  An unseen horror (Depths:3)
  A rime drake (IceCv)
  A yaktaur (D:15)
  A komodo dragon (shapeshifter) (Vaults:5)
  A yaktaur skeleton (Vaults:1)
  2 merfolk
  A tengu conjurer (Depths:3)
  A troll (D:12)
  3 meliai
  3 hornets (Depths:2)
  A wind drake (Shoals:2)
  4 blink frogs
  6 tarantellas
  A dream sheep (D:10)
  6 jumping spiders
  3 spriggans (Depths:2)
  2 culicivoras
  4 slime creatures
  3 wraiths
  2 water elementals (Shoals:4)
  A wyvern (D:9)
  A fire elemental (D:14)
  A small abomination (Depths:3)
  3 basilisks
  11 yaks
  A hog (Shoals:3)
  2 chaos spawn (Depths:3)
  A steam dragon (Lair:4)
  16 redbacks
  2 acid dragons
  10 orc warriors
  2 centaurs
  An ogre (Orc:1)
  A bullfrog (D:8)
  A human skeleton (Vaults:3)
  4 killer bees (D:10)
  2 jellies (Lair:4)
  4 orc priests
  A hell rat (Lair:3)
  3 orc wizards
  3 gnolls
  19 orcs
  An endoplasm (Lair:4)
  A kobold (D:8)
  A butterfly (Zot:3)
275 creatures vanquished.

Vanquished Creatures (others)
  A deep elf master archer (Elf:3)
  A yaktaur captain (Vaults:5)
  A vault guard (Vaults:2)
  A moth of wrath (Spider:4)
  2 yaktaurs
  4 slime creatures (D:14)
  2 water elementals (D:14)
  An orc warrior (Depths:3)
  An electric eel (D:14)
  28 knights
  6 ancestors
  An orc (Orc:1)
  9 tentacles (Shoals:1)
58 creatures vanquished.

Grand Total: 2095 creatures vanquished

Notes
Turn   | Place    | Note
-------+----------+-------------------------------------------
     0 | D:1      | Wizard1ke the Felid Shapeshifter began the quest for the
                  | Orb.
     0 | D:1      | Reached XP level 1. HP: 9/9 MP: 2/2
   186 | D:1      | Reached XP level 2. HP: 13/13 MP: 3/3
  1229 | D:2      | Reached XP level 3. HP: 13/16 MP: 4/4
  1561 | D:2      | Reached XP level 4. HP: 20/20 MP: 5/5
  1796 | D:2      | Found a glowing silver altar of Zin.
  2001 | D:3      | Reached XP level 5. HP: 23/24 MP: 6/6
  2282 | D:3      | You fall into a shaft and drop 2 floors!
  2282 | D:5      | Entered Level 5 of the Dungeon
  2306 | D:5      | Noticed an ogre
  2628 | D:5      | Found Zeoxt's Antique Armour Shop.
  2705 | D:4      | Gained mutation: You are covered in thick fur. (AC +2)
                  | [Felid growth]
  2705 | D:4      | Reached XP level 6. HP: 28/28 MP: 7/7
  2973 | D:3      | Reached skill level 5 in Dodging
  5064 | D:4      | Reached XP level 7. HP: 32/32 MP: 8/8
  5971 | D:6      | Reached skill level 5 in Shapeshifting
  6052 | D:6      | Found a staircase to the Ecumenical Temple.
  6061 | Temple   | Entered the Ecumenical Temple
  6105 | Temple   | Became a worshipper of Hepliaklqana the Forgotten
  6760 | D:7      | Noticed Duvessa
  6779 | D:7      | Reached * piety under Hepliaklqana
  6942 | D:7      | Reached XP level 8. HP: 29/32 MP: 9/9
  7213 | D:7      | Noticed Dowan
  7913 | D:7      | Killed Duvessa
  7920 | D:7      | Killed Dowan
  8148 | D:8      | Found a faded altar of an unknown god.
  8301 | D:8      | Reached XP level 9. HP: 35/36 MP: 10/10
  8304 | D:8      | Reached skill level 5 in Unarmed Combat
  8338 | D:8      | Found the ring of the Mage {Wiz Archmagi}
  8338 | D:8      | Noticed an efreet
  8376 | D:8      | Noticed a troll
  8376 | D:8      | Noticed an entropy weaver
  8484 | D:8      | Killed a troll
  8485 | D:8      | Reached skill level 5 in Fighting
  8677 | D:8      | Noticed a two-headed ogre
  8750 | D:8      | Paralysed by a hornet for 1 turns
  9033 | D:9      | Found a staircase to the Orcish Mines.
  9372 | D:8      | Reached ** piety under Hepliaklqana
  9374 | D:8      | Remembered your ancestor Tertia as a knight
  9628 | D:8      | Reached skill level 10 in Dodging
  9757 | D:9      | Reached XP level 10. HP: 40/40 MP: 11/11
 10522 | D:10     | Entered Level 10 of the Dungeon
 10529 | D:10     | Noticed Snorg
 10752 | D:10     | Killed Snorg
 10753 | D:10     | Reached skill level 1 in Evocations
 10930 | D:10     | Reached XP level 11. HP: 42/45 MP: 12/12
 11111 | D:10     | Found a portal to a secret trove of treasure.
 11290 | D:10     | Found a sacrificial altar of Ru.
 11334 | D:10     | Found a staircase to the Lair.
 11642 | D:11     | Reached *** piety under Hepliaklqana
 11669 | D:11     | Noticed a tengu warrior
 11846 | Lair:1   | Entered Level 1 of the Lair of Beasts
 12799 | Lair:2   | Noticed a boulder beetle
 12873 | Lair:2   | Found a transporter.
 12875 | Lair:2   | Noticed centralandcovert's ghost (journeyman MfGl)
 12875 | Lair:2   | Found the +3 pair of seven-league boots {Rampage+∞}
 12880 | Lair:2   | Noticed a death yak
 12929 | Lair:2   | Found a transporter.
 13111 | Lair:2   | Slain by a boulder beetle
 13112 | Lair:2   | Reached XP level 10. HP: -3/45 MP: 10/11
 13117 | Lair:2   | Noticed Urug
 13252 | Lair:2   | Noticed Erica
 13262 | Lair:2   | Killed Erica
 13263 | Lair:2   | Reached XP level 11. HP: 48/48 MP: 12/12
 13287 | Lair:2   | Noticed a wolf spider
 13558 | Lair:2   | Reached skill level 10 in Shapeshifting
 13574 | Lair:2   | Killed a boulder beetle
 13725 | Lair:2   | Noticed Prince Ribbit
 13734 | Lair:1   | Killed Prince Ribbit
 14217 | Lair:2   | Killed a wolf spider
 14234 | Lair:2   | Found a hole to the Spider Nest.
 14952 | Lair:3   | Noticed a seven-headed hydra
 14959 | Lair:3   | Killed a seven-headed hydra
 15008 | Lair:3   | Gained mutation: Your thick and shaggy fur keeps you warm.
                  | (AC +3, rC+) [Felid growth]
 15008 | Lair:3   | Reached XP level 12. HP: 39/52 MP: 13/13
 15076 | Lair:3   | Reached **** piety under Hepliaklqana
 15127 | Lair:3   | Noticed a six-headed hydra
 15426 | Lair:3   | Killed a six-headed hydra
 15927 | Lair:4   | Found a staircase to the Slime Pits.
 15927 | Lair:4   | Found a viscous altar of Jiyva.
 15960 | Lair:4   | Noticed a catoblepas
 15965 | Lair:4   | Killed a catoblepas
 16051 | Lair:4   | Reached ***** piety under Hepliaklqana
 16798 | Lair:5   | Entered Level 5 of the Lair of Beasts
 16872 | Lair:5   | Noticed a death yak
 16872 | Lair:5   | Noticed a death yak
 16875 | Lair:5   | Noticed a death yak
 16875 | Lair:5   | Noticed a death yak
 16875 | Lair:5   | Noticed a death yak
 16884 | Lair:5   | Found a gate leading to a gauntlet.
 16890 | Lair:5   | Killed a death yak
 16897 | Lair:5   | Killed a death yak
 16902 | Lair:5   | Killed a death yak
 16908 | Lair:5   | Killed a death yak
 16912 | Lair:5   | Killed a death yak
 16913 | Lair:5   | Reached XP level 13. HP: 35/54 MP: 14/14
 16941 | Gauntlet | Entered a Gauntlet
 16941 | Gauntlet | Found a transporter.
 16941 | Gauntlet | Found a transporter.
 16984 | Gauntlet | Found a transporter.
 16987 | Gauntlet | Found a transporter.
 16987 | Gauntlet | Found a transporter.
 17024 | Gauntlet | Found a transporter.
 17026 | Gauntlet | Found a transporter.
 17026 | Gauntlet | Found a transporter.
 17039 | Gauntlet | Found a transporter.
 17054 | Gauntlet | Found a transporter.
 17064 | Gauntlet | Found a transporter.
 17082 | Gauntlet | Found a transporter.
 17099 | Gauntlet | Found a transporter.
 17112 | Gauntlet | Found a transporter.
 17211 | Gauntlet | Reached skill level 15 in Shapeshifting
 17219 | Gauntlet | Reached skill level 1 in Invocations
 17239 | Gauntlet | Identified the +2 helmet of Cocytus {rF- rC+ Stlth+}
 17282 | Gauntlet | Noticed a minotaur
 17290 | Gauntlet | Killed a minotaur
 17295 | Gauntlet | Identified the +8 sling of Brawling {drain, Str+5 Int-2}
 17512 | Lair:5   | Reached skill level 10 in Fighting
 17573 | Lair:5   | Reached skill level 10 in Unarmed Combat
 17801 | Lair:5   | Reached skill level 15 in Dodging
 17803 | Lair:5   | Reached skill level 5 in Invocations
 18611 | Lair:2   | Killed Urug
 18876 | D:11     | Found a basalt altar of Yredelemnul.
 19510 | D:12     | Reached XP level 14. HP: 59/59 MP: 19/21
 19520 | D:12     | Noticed Nergalle
 19529 | D:12     | Killed Nergalle
 20248 | D:13     | Found a glowing silver altar of Zin.
 20609 | D:14     | Noticed Lodul
 20670 | D:14     | Found a blossoming altar of Fedhas.
 20795 | D:14     | Reached skill level 10 in Invocations
 20799 | D:14     | Killed Lodul
 20883 | D:14     | Found a gate to the Vaults.
 20912 | D:14     | Reached skill level 5 in Evocations
 21140 | D:14     | Noticed Agnes
 21150 | D:14     | Killed Agnes
 21266 | D:14     | Reached ****** piety under Hepliaklqana
 21583 | D:14     | Noticed Azrael
 21590 | D:14     | Killed Azrael
 21654 | D:14     | Noticed Louise
 21665 | D:14     | Killed Louise
 21857 | Orc:1    | Entered Level 1 of the Orcish Mines
 22060 | Orc:1    | Found an ornate altar of the Wu Jian Council.
 22064 | Orc:1    | Found a transporter.
 22099 | Orc:1    | Found a transporter.
 22106 | Orc:1    | Found a transporter.
 22132 | Orc:1    | Found a transporter.
 22134 | Orc:1    | Found an ornate altar of the Wu Jian Council.
 22134 | Orc:1    | Noticed an orc warlord
 22139 | Orc:1    | Found a runed translucent door.
 22139 | Orc:1    | Noticed an orc warlord
 22150 | Orc:1    | Killed an orc warlord
 22151 | Orc:1    | Noticed PiratePeteNZ's ghost (journeyman DEEE)
 22220 | Orc:1    | Found Qimun's Weapon Emporium.
 22233 | Orc:1    | Noticed an orc warlord
 22247 | Orc:1    | Killed an orc warlord
 22248 | Orc:1    | Paralysed by an orc sorcerer for 5 turns
 22378 | Orc:1    | Killed PiratePeteNZ's ghost
 22695 | Orc:2    | Entered Level 2 of the Orcish Mines
 22898 | Orc:2    | Found a staircase to the Elven Halls.
 22919 | Orc:2    | Reached XP level 15. HP: 63/63 MP: 23/23
 23122 | Orc:2    | Found Taimyqav's Book Shop.
 23156 | Orc:2    | Found Huntevun's General Store.
 23164 | Orc:2    | Bought a potion of heal wounds for 65 gold pieces
 23179 | Orc:2    | Found Fymen's Antique Armour Shoppe.
 23288 | Orc:2    | Found Fos Zeog's Antique Weapon Emporium.
 23747 | D:15     | Entered Level 15 of the Dungeon
 23846 | D:15     | Identified a scroll of acquirement
 23857 | D:15     | Acquired the ring "Zerphaemo" {Contam Fly Will+ Dex+6
                  | Slay+4}
 23996 | D:15     | Found a staircase to the Depths.
 24089 | D:15     | Found a shimmering blue altar of Sif Muna.
 24442 | D:15     | Found a stormy altar of Qazlal.
 24908 | Spider:1 | Entered Level 1 of the Spider Nest
 25022 | Spider:1 | Found a frozen archway.
 25031 | IceCv    | Entered an ice cave
 25339 | IceCv    | Identified the +2 pair of boots of Hoxzearr {rElec rN+
                  | Str-5 Int+7}
 25714 | IceCv    | Noticed a frost giant
 25714 | IceCv    | Noticed a frost giant
 25958 | Spider:1 | Identified the +0 sling "Leviticus" {elec, rN+}
 26405 | Spider:2 | Reached XP level 16. HP: 71/71 MP: 24/24
 27890 | Spider:3 | Reached skill level 15 in Fighting
 27895 | Spider:3 | Reached skill level 15 in Unarmed Combat
 28130 | Spider:3 | Found a runed translucent door.
 28132 | Spider:3 | Noticed Odusm's ghost (adept MfFi)
 28142 | Spider:3 | Killed Odusm's ghost
 28395 | Spider:4 | Entered Level 4 of the Spider Nest
 28395 | Spider:4 | Found a runed translucent door.
 28402 | Spider:4 | Noticed Bymnifu's ghost (adept DjAE)
 28696 | Spider:4 | Reached skill level 10 in Evocations
 28804 | Spider:4 | Reached XP level 17. HP: 76/76 MP: 26/26
 29468 | Spider:4 | Identified the +0 hat "Tirghonwa" {Str+2}
 29470 | Spider:4 | Got a gossamer rune of Zot
 29964 | Vaults:1 | Entered Level 1 of the Vaults
 30521 | Shoals:1 | Entered Level 1 of the Shoals
 30525 | Shoals:1 | Found Puurch's Book Shop.
 30540 | Shoals:1 | Bought a book of Spatial Translocations for 252 gold pieces
 30540 | Shoals:1 | Found a flickering gateway to a bazaar.
 30544 | Shoals:1 | Learned a level 2 spell: Blink
 30568 | Shoals:1 | Found Mumeg's Antique Armour Shop.
 30615 | Shoals:1 | Found Popsiucs's Book Emporium.
 30666 | Bazaar   | Entered a bazaar
 30673 | Bazaar   | Found Rewiciohab's Book Shop.
 30699 | Bazaar   | Found Nofowog's Jewellery Shop.
 30707 | Bazaar   | Bought a dragon-blood talisman for 1120 gold pieces
 30712 | Bazaar   | Bought the ring "Saul" {rElec rF+} for 546 gold pieces
 30712 | Bazaar   | Bought an amulet of regeneration for 420 gold pieces
 30742 | Bazaar   | Bought a book of Unlife for 576 gold pieces
 30785 | Shoals:1 | Found Loasmis's Antique Weapon Boutique.
 31100 | Shoals:1 | Noticed a kraken
 31174 | Shoals:1 | Killed a kraken
 31501 | Shoals:2 | Reached skill level 1 in Translocations
 32170 | Shoals:1 | Bought an Inescapable Atlas for 272 gold pieces
 32175 | Shoals:1 | Learned a level 4 spell: Manifold Assault
 32468 | D:8      | Reached skill level 5 in Translocations
 33314 | Shoals:3 | Reached skill level 1 in Spellcasting
 33422 | Shoals:3 | Reached XP level 18. HP: 80/80 MP: 1/29
 33899 | Shoals:3 | Noticed Kirke
 33915 | Shoals:3 | Killed Kirke
 34816 | Shoals:4 | Entered Level 4 of the Shoals
 34818 | Shoals:4 | Noticed Ilsuiw
 34885 | Shoals:4 | Found Lanwaw's Self-Improvement Boutique.
 36399 | Shoals:4 | Reached skill level 10 in Translocations
 36423 | Shoals:4 | Reached skill level 15 in Invocations
 36980 | Shoals:4 | Noticed Donald
 36983 | Shoals:4 | Killed Ilsuiw
 36998 | Shoals:4 | Killed Donald
 37147 | Shoals:4 | Got a barnacled rune of Zot
 37880 | Shoals:4 | Identified the +1 leather armour of Ugackeog {rN++ Dex-2}
 38783 | Vaults:1 | Found Wyphatun's Distillery.
 38928 | Vaults:1 | Bought a potion of enlightenment for 80 gold pieces
 38977 | Vaults:1 | Reached skill level 5 in Spellcasting
 40555 | Vaults:2 | Noticed Mara
 40597 | Vaults:2 | Killed Mara
 40598 | Vaults:2 | Reached XP level 19. HP: 83/83 MP: 6/31
 41486 | Vaults:2 | Found a staircase to the Crypt.
 41781 | Vaults:2 | Found Begani's Antique Weapon Boutique.
 41873 | Vaults:2 | Identified the +4 scimitar "Buaxupp" {flame, rN+ rCorr MP-9
                  | Str+3}
 42043 | Vaults:2 | Identified the +0 robe "Noulim" {Fly Regen+ Int+3 Stlth-}
 42881 | Vaults:3 | Noticed Frederick
 42889 | Vaults:3 | Killed Frederick
 43408 | Vaults:3 | Reached skill level 15 in Translocations
 44015 | Vaults:3 | Identified the amulet "Refehinu" {Reflect Int+3 SH+5}
 44175 | Vaults:3 | Found the +3 giant club "Skullcrusher" {speed, Str+7}
 44615 | Vaults:3 | Reached skill level 10 in Spellcasting
 45956 | Vaults:4 | Found Kunkij Xoth's Antique Armour Boutique.
 45963 | Vaults:4 | Reached XP level 20. HP: 87/87 MP: 2/36
 46144 | Vaults:4 | Identified the +8 long sword of Daric {drain, rElec Stlth+}
 46899 | Vaults:4 | Got the Handbook of Transmigration and the Syncline
 48089 | Elf:1    | Entered Level 1 of the Elven Halls
 48089 | Elf:1    | Found Kyciz's Antique Armour Shop.
 49142 | Elf:1    | Found Vitaoq's Distillery.
 49144 | Elf:1    | Found Cacwaeg's Magic Scroll Shop.
 49162 | Elf:1    | Found Qetuth's Magic Scroll Boutique.
 49165 | Elf:1    | Bought a potion of haste for 150 gold pieces
 49165 | Elf:1    | Bought 2 potions of brilliance for 120 gold pieces
 49165 | Elf:1    | Bought a potion of brilliance for 60 gold pieces
 49165 | Elf:1    | Bought a potion of cancellation for 120 gold pieces
 49165 | Elf:1    | Bought 2 potions of cancellation for 240 gold pieces
 51041 | Elf:2    | Found a runed translucent gate.
 51042 | Elf:2    | Found a runed translucent gate.
 51042 | Elf:2    | Found a runed translucent gate.
 51353 | Elf:3    | Entered Level 3 of the Elven Halls
 51875 | Elf:3    | Identified the amulet of Egolikutt {Reflect rC++ Str-3
                  | Dex+5 SH+5}
 52011 | Elf:3    | Reached skill level 15 in Evocations
 52543 | Elf:3    | Identified the +5 rapier of Macsesocsoff {flame, *Corrode
                  | rF+ SInv}
 52709 | Elf:3    | Reached skill level 15 in Spellcasting
 52785 | Elf:3    | Identified the +8 quarterstaff of the Illusory Nightcaps
                  | {flame, Contam rElec Str+8 Stlth-}
 52786 | Elf:3    | Reached skill level 1 in Hexes
 52939 | Elf:3    | Reached skill level 1 in Transmutations
 52939 | Elf:3    | Reached XP level 21. HP: 90/90 MP: 36/41
 53000 | Elf:3    | Identified the +4 ring mail of Amelioration {Dex+2}
 53198 | Elf:3    | Found the +2 pair of slick slippers {slick, slippery, EV+4}
 53868 | Elf:3    | Reached skill level 5 in Hexes
 53974 | Elf:3    | Found the +2 cloak of the Thief {*Fog Slay-2 SInv Stlth+}
 54318 | Depths:1 | Entered Level 1 of the Depths
 54318 | Depths:1 | Found an opulent altar of Gozag.
 54585 | Depths:1 | Found a gateway to Hell.
 54601 | Depths:1 | Reached skill level 5 in Transmutations
 54997 | Orc:2    | Bought a There-And-Back Book for 510 gold pieces
 55004 | Orc:2    | Learned a level 6 spell: Dispersal
 55006 | Orc:2    | Learned a level 1 spell: Apportation
 55009 | Orc:2    | Learned a level 2 spell: Passwall
 55015 | Orc:2    | Learned a level 5 spell: Yara's Violent Unravelling
 55020 | Orc:2    | Learned a level 4 spell: Cause Fear
 55026 | Orc:2    | Learned a level 5 spell: Borgnjor's Vile Clutch
 55731 | Depths:1 | Noticed Nikola
 55738 | Depths:1 | Killed Nikola
 55983 | Depths:1 | Found a one-way gate to the infinite horrors of the Abyss.
 56138 | Depths:1 | Noticed Asterion
 56144 | Depths:1 | Killed Asterion
 56296 | Depths:1 | Found a one-way gate leading to the halls of Pandemonium.
 57182 | Depths:2 | Reached skill level 10 in Hexes
 57506 | Depths:2 | Noticed Bai Suzhen
 57512 | Depths:2 | Killed Bai Suzhen
 58254 | Depths:2 | Found a one-way gateway to a ziggurat.
 58532 | Depths:2 | Found a corrupted altar of Lugonu.
 60194 | Depths:3 | Reached skill level 10 in Transmutations
 60197 | Depths:3 | Noticed Parghit
 60204 | Depths:3 | Killed Parghit
 60232 | Depths:3 | Noticed Saint Roka
 60239 | Depths:3 | Killed Saint Roka
 60269 | Depths:3 | Reached XP level 22. HP: 77/94 MP: 3/42
 60557 | Depths:3 | Noticed a golden dragon
 60561 | Depths:3 | Killed a golden dragon
 61495 | Depths:2 | Identified the +10 scimitar of the Ubiquitous God {venom,
                  | *Rage rN+ Stlth+}
 62633 | Depths:4 | Entered Level 4 of the Depths
 62966 | Depths:4 | Noticed a caustic shrike
 62969 | Depths:4 | Noticed a caustic shrike
 62970 | Depths:4 | Killed a caustic shrike
 62970 | Depths:4 | Noticed a caustic shrike
 62971 | Depths:4 | Reached skill level 15 in Hexes
 62979 | Depths:4 | Killed a caustic shrike
 62983 | Depths:4 | Killed a caustic shrike
 63894 | Depths:4 | Noticed a golden dragon
 63897 | Depths:4 | Killed a golden dragon
 63905 | Depths:4 | Noticed a golden dragon
 63908 | Depths:4 | Killed a golden dragon
 64001 | Depths:4 | Noticed a golden dragon
 64003 | Depths:4 | Killed a golden dragon
 64279 | Depths:4 | Noticed a golden dragon
 64284 | Depths:4 | Killed a golden dragon
 64604 | Depths:4 | Noticed a golden dragon
 64608 | Depths:4 | Killed a golden dragon
 64609 | Depths:4 | Noticed a golden dragon
 64616 | Depths:4 | Killed a golden dragon
 65205 | Depths:4 | Reached skill level 15 in Transmutations
 65213 | Depths:4 | Reached skill level 1 in Necromancy
 65214 | Depths:4 | Reached skill level 1 in Earth Magic
 65712 | Depths:4 | Found a gate to the Realm of Zot.
 65768 | Depths:4 | Noticed a golden dragon
 65771 | Depths:4 | Killed a golden dragon
 65776 | Depths:4 | Identified the ring "Qaczewk" {*Slow rElec rF+ Str+6}
 66382 | Vaults:5 | Entered Level 5 of the Vaults
 66424 | Vaults:5 | Reached XP level 23. HP: 57/97 MP: 3/43
 66436 | Vaults:5 | Reached skill level 5 in Necromancy
 66454 | Vaults:5 | Reached skill level 5 in Earth Magic
 66476 | Vaults:5 | Noticed an ancient lich
 66506 | Vaults:5 | HP: 5/116 [vault guard/+0 great mace (11)]
 66765 | Vaults:5 | Killed an ancient lich
 68214 | Vaults:5 | Identified the staff of Hepliaklqana's Reproof {+Blink
                  | Earth}
 68256 | Vaults:5 | Got the Compendium of Silt
 68963 | Vaults:5 | Noticed a dread lich
 68969 | Vaults:5 | Killed a dread lich
 69528 | Vaults:5 | Got a silver rune of Zot
 69567 | Vaults:5 | Reached skill level 10 in Necromancy
 70434 | D:8      | Learned a level 3 spell: Vhi's Electric Charge
 70725 | Zot:1    | Entered Level 1 of the Realm of Zot
 71247 | Zot:1    | Reached skill level 10 in Earth Magic
 71729 | Zot:1    | Reached XP level 24. HP: 100/100 MP: 29/43
 72277 | Zot:1    | Found a runed translucent gate.
 72277 | Zot:1    | Found a runed translucent gate.
 72277 | Zot:1    | Found a runed translucent gate.
 72277 | Zot:1    | Noticed Vapurghao's ghost (master MiBr)
 72277 | Zot:1    | Noticed a dread lich
 72278 | Zot:1    | Noticed a dread lich
 72780 | Zot:2    | Found a transporter.
 72780 | Zot:2    | Found a transporter.
 72781 | Zot:2    | Identified the +0 hat "Gewulib" {rN++ Dex+3 Stlth+}
 73188 | Zot:2    | Noticed a Killer Klown
 73721 | Zot:2    | Found a transporter.
 73756 | Zot:2    | Identified the ring "Hinuqil" {Str+7 Int+6 Dex+2}
 73935 | Zot:2    | Found a transporter.
 73947 | Zot:2    | Found a transporter.
 73988 | Zot:2    | Found a transporter.
 74082 | Zot:2    | Found a transporter.
 74086 | Zot:2    | Found a transporter.
 74370 | Zot:3    | Noticed an orb of fire
 74541 | Zot:3    | Killed an orb of fire
 75113 | Zot:3    | Found a large runed translucent door.
 75114 | Zot:3    | Found a large runed translucent door.
 75115 | Zot:3    | Found a large runed translucent door.
 75115 | Zot:3    | Found a large runed translucent door.
 75115 | Zot:3    | Found a shimmering altar of Xom.
 75117 | Zot:3    | Found a large runed translucent door.
 75117 | Zot:3    | Identified the +0 scale mail "Peutal" {-Cast +Inv SInv}
 75119 | Zot:3    | Noticed a Killer Klown
 75245 | Zot:3    | Noticed a Killer Klown
 75265 | Zot:3    | Killed a Killer Klown
 75280 | Zot:3    | Identified the +0 ring mail "Tylakluc" {Str+5}
 75495 | Zot:3    | Found a large runed translucent door.
 75495 | Zot:3    | Found a large runed translucent door.
 75504 | Zot:3    | Killed a Killer Klown
 75938 | Zot:3    | Noticed a Killer Klown
 75972 | Zot:3    | Noticed a Killer Klown
 75977 | Zot:3    | Noticed a Killer Klown
 75984 | Zot:3    | Identified the +9 glaive of Zaxzihagy {chaos, Fragile Str+2
                  | Int+2}
 75986 | Zot:3    | Killed a Killer Klown
 75997 | Zot:3    | Noticed a Killer Klown
 76021 | Zot:3    | Killed a Killer Klown
 76040 | Zot:3    | Killed a Killer Klown
 76215 | Zot:3    | Noticed Grunn
 76221 | Zot:3    | Killed Grunn
 76507 | Zot:3    | Killed a Killer Klown
 76511 | Zot:3    | Found a large runed translucent door.
 76513 | Zot:3    | Identified the +3 longbow of the Sharing Boar {freeze, rN+
                  | MP+9}
 78138 | Zot:4    | Found a runed translucent gate.
 78146 | Zot:4    | Noticed Plog's ghost (master TrFi)
 78147 | Zot:4    | Found a runed translucent gate.
 78148 | Zot:4    | Found a runed translucent gate.
 79336 | Zot:5    | Entered Level 5 of the Realm of Zot
 79344 | Zot:5    | Reached XP level 25. HP: 94/104 MP: 32/43
 79349 | Zot:5    | Reached skill level 15 in Necromancy
 79350 | Zot:5    | Upgraded the game from 0.31-a0-241-g00f4a5a to
                  | 0.31-a0-251-gdc1e01e
 79793 | Zot:5    | Noticed a Killer Klown
 79798 | Zot:5    | Killed a Killer Klown
 80484 | Zot:5    | Noticed a Killer Klown
 80487 | Zot:5    | Noticed an ancient lich
 80490 | Zot:5    | Killed an ancient lich
 80495 | Zot:5    | Noticed an orb of fire
 80505 | Zot:5    | Gained mutation: You are dopey. (Int -2) [an orb of fire]
 80506 | Zot:5    | Gained mutation: You are very dopey. (Int -4) [an orb of
                  | fire]
 80508 | Zot:5    | Killed an orb of fire
 80509 | Zot:5    | Reached skill level 15 in Earth Magic
 80509 | Zot:5    | Reached skill level 1 in Air Magic
 80511 | Zot:5    | Killed a Killer Klown
 80689 | Zot:5    | Noticed a dread lich
 80692 | Zot:5    | Killed a dread lich
 80718 | Zot:5    | Noticed an orb of fire
 80728 | Zot:5    | Killed an orb of fire
 80855 | Zot:5    | Reached skill level 5 in Air Magic
 81023 | Zot:5    | Noticed a Killer Klown
 81027 | Zot:5    | Killed a Killer Klown
 81560 | Zot:5    | Noticed an ancient lich
 81565 | Zot:5    | Killed an ancient lich
 81634 | Zot:5    | Noticed a Killer Klown
 81641 | Zot:5    | Killed a Killer Klown
 81806 | Zot:5    | Got the Orb of Zot
 81918 | Zot:3    | Noticed Dizal the pandemonium lord
 82235 | D:11     | Fell from the grace of Hepliaklqana
 82235 | D:11     | Became a worshipper of Yredelemnul the Dark
 82252 | D:10     | Reached * piety under Yredelemnul
 82346 | D:4      | Noticed Raix the pandemonium lord
 82475 | D:$      | Escaped with the Orb!

Illustrated notes

Levels and vault maps discovered:
D:1:      dpeg_arrival_water_temple_mockup, layout_basic, fountainhead
D:2:      kb_forest_paths, layout_loops_corners, basic_altar
D:3:      layout_basic
D:4:      layout_layer_cave, kennysheep_boxes
D:5:      layout_layer_cave, serial_shops, shop, minmay_misc_feat_encased
D:6:      layout_basic, minmay_temple_entry_trees
D:7:      layout_rooms, minivault_26, uniq_duvessa
D:8:      minmay_the_grid_octo_tiled_squarecenter [minmay_the_grid_octo_teeth,
          minmay_the_grid_octo_thin_diamonds, minmay_the_grid_octo_empty,
          minmay_the_grid_octo_concentric,
          minmay_the_grid_square_5x5_megaprize_diamond,
          minmay_the_grid_square_5x5_fancy_junction,
          minmay_the_grid_square_5x5_six_small,
          minmay_the_grid_square_5x5_longway,
          minmay_the_grid_square_5x5_shuriken], layout_cave_pods,
          serial_column_ruins, column_ruins_temple_hall, column_ruins_hut,
          column_ruins_open_small, column_ruins_grid_2, column_ruins_grid_2,
          column_ruins_open_small, column_ruins_grid_1
D:9:      layout_cave_pools, david_orc_3, minmay_hedge_maze
D:10:     layout_gridville, kennysheep_little_box, lair_entry_dummy,
          enter_trove_6, minivault_21, corner_web_ring, hangedman_ranch,
          uniq_snorg
D:11:     layout_loops_cross, yredelemnul_altar_generic
D:12:     layout_small_grid, minivault_16, minivault_25,
          chequers_decorated_corner, uniq_nergalle
D:13:     layout_roguey, special_room [special_room_orc], zin_statuary
D:14:     layout_roguey, lightli_vaults_fourway_checkpoint, fedhas_altar_1,
          serial_bayou, serial_bayou_pond_c, serial_bayou_shore_a,
          serial_bayou_pond_a, serial_bayou_shore_b, serial_bayou_shore_b,
          serial_bayou_pond_e, lemuel_freeze_loot_1, uniq_azrael, uniq_lodul,
          uniq_agnes, uniq_louise
D:15:     gammafunk_enter_depths_forms, layout_basic, grunt_qazlal_clouds,
          tgw_sif
Temple:   compressed_dpeg_triangle_lava_temple
Lair:1:   layout_long_grid, st_stairs_10, grunt_forest_stairs_basic,
          lemuel_fruit_tree
Lair:2:   layout_cave_pods, spider_nest_entry_rubble,
          gammafunk_ghost_berserking_beasts, grunt_megastairs_5,
          serial_bayou_shore_b, infiniplex_staircase_pool_2,
          uniq_prince_ribbit2, uniq_erica, uniq_urug
Lair:3:   layout_gridlike, nicolae_shoals_entry_flooding, hibernation_bobbens
Lair:4:   layout_hall_layers, minmay_slime_entry_jelly_boxes, serial_rivers,
          chequers_serial_rivers_micro_e, chequers_serial_rivers_micro_d,
          chequers_serial_rivers_micro_a, chequers_serial_rivers_room_b,
          chequers_serial_rivers_micro_a, chequers_serial_rivers_micro_e,
          chequers_serial_rivers_marsh
Lair:5:   evilmike_catoblepas_cave, layout_cave_pods, gauntlet_entry_generic,
          minivault_25
Shoals:1: layout_shoals, serial_shops, bzr_entry_road,
          nicolae_shop_tiny_statue_garden, nicolae_shop_statue_plus, shop,
          nicolae_take_the_stairs
Shoals:2: layout_shoals
Shoals:3: layout_shoals, uniq_kirke
Shoals:4: shoals_end_grunt_garden, layout_shoals, shoal_ilsuiw,
          nicolae_shop_self_help, uniq_donald
Spider:1: layout_spider_delve, portal_ice_cave_entry_pillars_1
Spider:2: layout_spider_delve
Spider:3: layout_spider_delve, gammafunk_ghost_grave, spiders_nest_spider_trap
Spider:4: hellmonk_spider_rune_endless_swarm, ebering_ghost_reflecting_pool,
          hellmonk_deceptive_appearances
Orc:1:    dreamdust_wu_jian_sword_trials, layout_caves, serial_shops,
          nicolae_shop_gibbet_a_chance, hellmonk_ghost_happy_afterlife
Orc:2:    grunt_orc_gardens, layout_caves, grunt_orc_garden, grunt_orc_garden,
          grunt_orc_garden, grunt_orc_garden, minmay_orc_temple_a
Elf:1:    layout_gridlike, serial_shops, shop, hangedman_elf_disciples,
          grunt_megastairs_2, minmay_shop_star
Elf:2:    nicolae_elf_blades_crystal_corner, layout_gridlike, billiards_dpeg
Elf:3:    minmay_elf_hall_quartered_circle, layout_geoelf_octagon, minivault_25
Vaults:1: v_misc_8, nicolae_vaults_circle_grid_b,
          nicolae_vaults_trapezoid_layered, ontoclasm_vaults_chip,
          hangedman_vaults_snaps, ontoclasm_vaults_hangar,
          vaults_standard_mumra_x, nicolae_vaults_trapezoid_2, v_alt_pattern_6,
          vaults_room_hallway, ontoclasm_vaults_gateway, v_misc_10,
          nicolae_vaults_closet_pinwheel_1, v_misc_16, layout_vaults_omnicross,
          serial_shops, nicolae_shop_tiny_waterfront
Vaults:2: nicolae_vaults_network_quincunx
          [nicolae_vaults_network_quincunx_subvault,
          nicolae_vaults_network_quincunx_subvault,
          nicolae_vaults_network_quincunx_subvault,
          nicolae_vaults_network_quincunx_subvault,
          nicolae_vaults_network_quincunx_subvault], v_rooms_4,
          nicolae_vaults_tetromino_T_1, vaults_dpeg_encased_lava,
          ontoclasm_vaults_shuriken, ontoclasm_vaults_decontamination,
          nicolae_vaults_tetromino_L_2, layout_vaults_omnigrid,
          minmay_crypt_entry_simple_corners, serial_shops, shop, uniq_mara
Vaults:3: v_pattern_3, nicolae_vaults_house_1, nicolae_vaults_network_barrier,
          nicolae_vaults_tetromino_Z_1, nicolae_vaults_double_plus_1,
          hangedman_vaults_stretched_pinwheel, vaults_room_fancy_cross,
          nicolae_vaults_prndl, nicolae_vaults_what_the_h,
          hangedman_vaults_impose, nicolae_vaults_more_shelving_2,
          ontoclasm_vaults_fault, layout_vaults_maze_bifur, uniq_frederick
Vaults:4: nicolae_vaults_three_branches, hangedman_vaults_pinch,
          vaults_dpeg_diagonal, nicolae_vaults_layer_cake_slice,
          hangedman_vaults_stretched_pinwheel, nicolae_vaults_diamond_2,
          hangedman_vaults_stretched_pinwheel,
          nicolae_vaults_shipping_containers_2, nicolae_vaults_alarming,
          nicolae_vaults_apartment_1, layout_vaults_big_room, serial_shops,
          nicolae_shop_just_a_little_nook
Vaults:5: serial_shops
Depths:1: layout_honeycomb, pan_entry, basic_altar, grunt_mini_vestibule,
          abyss_entry, kb_rosetta, uniq_nikola, uniq_asterion
Depths:2: minmay_inside_and_out, layout_honeycomb, enter_ziggurat_d,
          hangedman_abyss_entry_splay, minmay_misc_feat_tiny, hell_entry,
          grunt_pan_entry_sceptre, drop_trap, tgw_lugonu_bribe, uniq_bai_suzhen
Depths:3: grunt_twist_and_shout, layout_long_grid, pan_entry,
          minmay_room_of_horrors, hell_entry, minivault_16, nicolae_burly_brawl,
          uniq_parghit, uniq_saint_roka
Depths:4: lemuel_castle_with_subvaults [lemuel_castle_interior_original],
          layout_gridlike, serial_rivers, chequers_serial_rivers_micro_d,
          chequers_serial_rivers_small_a, chequers_serial_rivers_micro_d,
          chequers_serial_rivers_small_3, chequers_serial_rivers_room_b,
          pf_hell_entry_tar_spiral, minmay_stone_trees_small
Zot:1:    layout_misc_corridors, gammafunk_ghost_necromancy,
          st_large_dragon_hoard_1
Zot:2:    gammafunk_the_bubble [the_bubble_gammafunk_grid], layout_gridville,
          serial_nicolae_subway, nicolae_sub_station_stone,
          nicolae_sub_station_metal, nicolae_sub_station_crystal
Zot:3:    layout_misc_corridors, hangedman_xom_zot_hilarity, uniq_grunn
Zot:4:    layout_basic, ebering_ghost_rock_garden, st_stairs_7
Zot:5:    layout_twisted_circle, grunt_ministairs_4

Skill      XL: |  1  2  3  4  5  6  7  8  9 10 11 12 13 14 15 16 17 18 19 20 21 22 23 24 25 |
---------------+----------------------------------------------------------------------------+-----
Dodging        | 3 4 5 6 10 12 13 15 | 15.0
Unarmed Combat | 3 4 6 8 9 10 11 13 15 | 15.0
Fighting       | 3 4 6 8 9 10 11 13 15 | 15.0
Shapeshifting  | 4 5 9 12 14 15 | 15.0
Evocations     | 2 4 7 8 10 12 15 | 15.0
Invocations    | 8 10 11 14 15 | 15.7
Translocations | 6 12 15 | 15.0
Spellcasting   | 1 6 11 15 | 15.0
Hexes          | 1 13 15 | 15.0
Transmutations | 1 10 15 | 15.0
Necromancy     | 4 11 14 15 | 15.0
Earth Magic    | 4 10 13 15 | 15.0
Air Magic      | 8 |  8.9

Action                     |  1- 3 |  4- 6 |  7- 9 | 10-12 | 13-15 | 16-18 | 19-21 | 22-24 | 25-27 || total
---------------------------+-------+-------+-------+-------+-------+-------+-------+-------+-------++-------
  Melee: Unarmed           |    51 |   164 |   222 |   444 |   824 |   796 |   908 |  1064 |   198 ||  4671
         Bite              |     9 |    19 |    29 |    24 |   139 |    82 |    12 |    16 |     3 ||   333
         Punch             |       |     6 |     6 |    15 |    74 |    53 |     8 |     6 |     4 ||   172
         Constrict         |       |       |    21 |    82 |       |       |       |       |       ||   103
         Tailslap          |       |       |       |       |       |    17 |    13 |    22 |     9 ||    61
   Cast: Manifold Assault  |       |       |       |       |       |   259 |   738 |   856 |   164 ||  2017
         Blink             |       |       |       |       |       |       |     3 |     3 |       ||     6
         Dispersal         |       |       |       |       |       |       |       |     1 |       ||     1
         Vhi's Electric Ch |       |       |       |       |       |       |       |     4 |     2 ||     6
         Apportation       |       |       |       |       |       |       |       |       |     3 ||     3
 Invoke: Recall Ancestor   |       |       |    11 |    14 |    13 |    12 |     5 |     9 |     2 ||    66
         Ancestor Life: Kn |       |       |     1 |       |       |       |       |       |       ||     1
         Transference      |       |       |       |     2 |       |     1 |     1 |     3 |       ||     7
         Idealise          |       |       |       |       |    11 |    18 |     2 |    13 |       ||    44
Ability: Breathe Fire      |       |       |       |       |       |     2 |       |       |       ||     2
  Evoke: Wand              |       |       |     9 |     7 |     4 |    12 |       |     3 |     1 ||    36
         Phial of floods   |       |       |       |       |     1 |       |     1 |       |       ||     2
         Phantom mirror    |       |       |       |       |       |     3 |     2 |     1 |       ||     6
         Box of beasts     |       |       |       |       |       |     1 |       |     1 |       ||     2
         Lightning rod     |       |       |       |       |       |       |     2 |       |       ||     2
         Condenser vane    |       |       |       |       |       |       |       |     1 |       ||     1
    Use: Potion            |       |     1 |     1 |     3 |     2 |     8 |     1 |    14 |     5 ||    35
         Scroll            |       |     1 |       |    20 |    13 |     6 |       |     8 |     2 ||    50
   Stab: Sleeping          |     3 |     3 |     5 |     2 |     4 |     1 |       |       |       ||    18
         Distracted        |       |       |     2 |     7 |    10 |    14 |     1 |       |     1 ||    35
         Paralysed         |       |       |       |       |       |     1 |       |       |       ||     1
 Armour: Skin              |     1 |     6 |    39 |    77 |   221 |   161 |    28 |    33 |     4 ||   570
  Dodge: Dodged            |    23 |   111 |   183 |   427 |  1409 |  1171 |    77 |   124 |    14 ||  3539
  Block: Other             |       |       |       |       |       |       |     6 |    22 |     2 ||    30
         Reflection        |       |       |       |       |       |       |       |     1 |       ||     1
   Form: Anaconda          |       |       |     1 |     1 |       |       |       |       |       ||     2
         Statue            |       |       |       |     1 |       |       |       |       |       ||     1
         Beast             |       |       |       |     1 |       |       |       |       |       ||     1
         Dragon            |       |       |       |       |       |     1 |       |       |       ||     1

Table legend: (Time is in decaauts)
 A = Elapsed time spent in this place.
 B = Non-inter-level travel time spent in this place.
 C = Inter-level travel time spent in this place.
 D = Time resting spent in this place.
 E = Time spent auto-exploring this place.
 F = Levels seen in this place.
 G = Mean time per level.
                   A        B        C        D        E       F      G
               +--------+--------+--------+--------+--------+-----+--------+
         Total |  88188 |  80743 |   7445 |  17916 |  47698 |  51 | 1729.2 |
       Dungeon |  19543 |  16223 |   3320 |   1703 |  10761 |  15 | 1302.9 |
        Temple |     46 |     46 |      0 |      0 |      0 |   1 |   46.0 |
          Lair |   8734 |   7491 |   1243 |    724 |   5018 |   5 | 1746.8 |
        Shoals |   7239 |   6791 |    448 |   2272 |   3518 |   4 | 1809.8 |
   Spider Nest |   5735 |   5381 |    354 |    804 |   2964 |   4 | 1433.8 |
  Orcish Mines |   2855 |   2430 |    425 |    307 |   1402 |   2 | 1427.5 |
   Elven Halls |   5849 |   5606 |    243 |    728 |   4244 |   3 | 1949.7 |
        Vaults |  13555 |  12965 |    590 |   3553 |   7446 |   5 | 2711.0 |
        Depths |  11885 |  11395 |    490 |   3053 |   7271 |   4 | 2971.2 |
           Zot |  10688 |  10358 |    330 |   4348 |   4620 |   5 | 2137.6 |
        Bazaar |    116 |    116 |      0 |      0 |     37 |   1 |  116.0 |
      Ice Cave |   1315 |   1315 |      0 |    226 |    336 |   1 | 1315.0 |
      Gauntlet |    623 |    623 |      0 |    193 |     79 |   1 |  623.0 |
               +--------+--------+--------+--------+--------+-----+--------+

Top non-repeatable levels by time:
Depths:3: 3764 daAuts
Vaults:5: 3754 daAuts
Depths:4: 2955 daAuts
Shoals:3: 2796 daAuts
Depths:1: 2613 daAuts
Depths:2: 2551 daAuts
Vaults:2: 2534 daAuts
Vaults:3: 2518 daAuts
    D:14: 2516 daAuts
   Zot:5: 2514 daAuts
   Zot:3: 2455 daAuts
Vaults:4: 2403 daAuts
Vaults:1: 2345 daAuts
   Elf:3: 2244 daAuts
  Lair:2: 2146 daAuts
